 Dungeon Crawl Stone Soup version 0.27.0-1-g7a089689b8 (webtiles) character file.

Game seed: 14489079523386368284

49 Kinoniko the Slasher (level 3, 0/43 HPs)
             Began as a Demonspawn Berserker on Aug 6, 2021.
             Was a Believer of Trog.
             Slain by an adder (5 damage)
             ... on level 2 of the Dungeon.
             The game lasted 00:01:22 (1673 turns).

Kinoniko the Slasher (Demonspawn Berserker)         Turns: 1673, Time: 00:01:22

Health: 0/43       AC:  2    Str: 18    XL:     3   Next: 53%
Magic:  3/3        EV: 12    Int: 14    God:    Trog [**....]
Gold:   38         SH:  4    Dex: 18    Spells: 2/2 levels left

rFire    . . .     SeeInvis .   f - +0 short sword (speed)
rCold    . . .     Faith    .   e - +0 buckler
rNeg     . . .     Spirit   .   b - +0 animal skin
rPois    .         Reflect  .   (helmet restricted)
rElec    .         Harm     .   (no cloak)
rCorr    .         Rampage  .   (no gloves)
Will     .....                  (no boots)
Stlth    ..........             (no amulet)
HPRegen  0.14/turn              d - +6 ring of intelligence
MPRegen  0.08/turn              h - +6 ring of dexterity

@: berserking (expiring), lethally poisoned (0 -> -1), very quick
A: antennae 1, powered by pain 1
a: Renounce Religion, Berserk, Trog's Hand


You were on level 2 of the Dungeon.
You worshipped Trog.
Trog was pleased with you.
You visited 1 branch of the dungeon, and saw 2 of its levels.

You collected 38 gold pieces.

Inventory:

Hand Weapons
 a - a +0 falchion
 f - a +0 short sword of speed (weapon)
Armour
 b - a +0 animal skin (worn)
 e - a +0 buckler (worn)
Jewellery
 d - a +6 ring of intelligence (left hand)
 h - a +6 ring of dexterity (right hand)
 k - a ring of protection from fire
Wands
 l - a wand of polymorph (8)
Scrolls
 g - a scroll of identify {unknown}
 i - a scroll of teleportation {unknown}
Potions
 c - a potion of degeneration {unknown}
 j - a potion of curing {unknown}


   Skills:
 - Level 3.0 Fighting
 * Level 3.8 Long Blades
 - Level 1.7 Armour
 + Level 2.4 Dodging


You had 2 spell levels left.
You didn't know any spells.
Your spell library was empty.

Dungeon Overview and Level Annotations

Branches:
Dungeon (2/15)

Altars:
Uskayaw

Annotations:
D:2 Sigmund


Innate Abilities, Weirdness & Mutations

You have a pair of small antennae on your head.
You sometimes gain a little power by taking damage.


Message History

You are too injured to fight recklessly!
You are too injured to fight recklessly!
You are too injured to fight recklessly!
You are too injured to fight recklessly!
You are too injured to fight recklessly!
You are too injured to fight recklessly!
Unknown command.
You hit the adder.
The adder is almost dead.
The adder bites you.
You are more poisoned.
The adder poisons you!
You puncture the adder!
You kill the adder!
Trog accepts your kill.
You can now call upon Trog for regeneration and willpower.
You feel sick. Sigmund barely misses you. The adder barely misses you.
The kobold barely misses you.
You feel sick. The adder bites you.
* * * LOW HITPOINT WARNING * * *
Sigmund misses you.
Found 8 gold pieces and a spear.
Your shield prevents you from hitting Sigmund.
Unknown command.
You puncture Sigmund!
Sigmund is moderately wounded.
You feel sick. The adder bites you.
* * * LOW HITPOINT WARNING * * *
Sigmund barely misses you.
You closely miss Sigmund.
Sigmund is moderately wounded.
You block the kobold's attack. The adder bites you.
* * * LOW HITPOINT WARNING * * *
You puncture Sigmund!
Sigmund is heavily wounded.
You feel sick. Sigmund barely misses you.
You puncture Sigmund!
Sigmund is almost dead.
The adder bites you.
You die...

#.######.####.#........
#'######......#.#.#.#.#
......##..#####.#<..#.#
......##..# #.#...#.#
......##..# #†#.....#
......##..# #......##.
......##..# ##........
...#####..# #KS...!.?
...#####..# #@#.#.#._
...'....>.......@#.# #
# ...######.........#.
...# #$....#...#@
...#######.###.#....#.
##.......... #.#.#..)##
#.#######.#
#.#+##.........##
#......##.#
#......#........#
#+####.##.#
#.......#.......#


You could see Sigmund, an adder and a kobold.

Vanquished Creatures
  2 adders (D:2)
  2 ball pythons (D:1)
  2 bats
  4 endoplasms
  A giant cockroach (D:1)
  2 goblins (D:1)
  2 hobgoblins (D:1)
  4 kobolds (D:1)
  3 quokkas
  3 frilled lizards
  2 rats (D:1)
27 creatures vanquished.

Notes
Turn   | Place    | Note
-------+----------+-------------------------------------------
     0 | D:1      | Kinoniko the Demonspawn Berserker began the quest for the
                  | Orb.
     0 | D:1      | Reached XP level 1. HP: 18/18 MP: 1/1
   273 | D:1      | Gained mutation: You sometimes gain a little power by
                  | taking damage. [demonic ancestry]
   273 | D:1      | Reached XP level 2. HP: 19/24 MP: 2/2
  1463 | D:2      | Found a hide-covered altar of Uskayaw.
  1480 | D:2      | Gained mutation: You have a pair of small antennae on your
                  | head. [demonic ancestry]
  1480 | D:2      | Reached XP level 3. HP: 29/29 MP: 3/3
  1650 | D:2      | Found a faded altar of an unknown god.
  1650 | D:2      | Noticed Sigmund
  1667 | D:2      | Reached ** piety under Trog
  1673 | D:2      | Slain by an adder

Illustrated notes

Levels and vault maps discovered:
D:1:      dpeg_arrival_arbitrary_c, layout_loops_corners
D:2:      layout_basic, serial_rivers, chequers_serial_rivers_micro_c,
          chequers_serial_rivers_micro_d, chequers_serial_rivers_small_a,
          chequers_serial_rivers_small_3, chequers_serial_rivers_micro_d,
          basic_altar, shapermc_ecumenical_altar_rom_forum, uniq_sigmund

Skill      XL: |  1 |
---------------+----+-----
Long Blades    | 3 |  3.8
Dodging        | 2 |  2.4
Fighting       | |  3.0
Armour         | |  1.7

Action                   || total
-------------------------++-------
Melee: Falchion          ||    44
       Short sword       ||    49
Invok: Berserk           ||     1
 Stab: Sleeping          ||     2
Armor: Animal skin       ||    15
Dodge: Dodged            ||    52
Block: Buckler           ||    12
       Rpst.: Falchion   ||     5
